 Dungeon Crawl Stone Soup version 0.23-a0-625-g1d2cd9b (webtiles) character file.

7 Lanoc the Sneak (level 1, -1/9 HPs)
             Began as a Spriggan Summoner on Dec 24, 2018.
             Slain by a goblin (4 damage)
             ... on level 1 of the Dungeon.
             The game lasted 00:01:59 (296 turns).

Lanoc the Sneak (Spriggan Summoner)                  Turns: 296, Time: 00:02:00

Health: -1/9       AC:  2    Str:  4    XL:     1   Next: 83%
Magic:  1/5        EV: 18    Int: 16    God:
Gold:   17         SH:  0    Dex: 16    Spells: 4/5 levels left

rFire    . . .     SeeInvis +   (weapon restricted)
rCold    . . .     Gourm    .   (shield restricted)
rNeg     . . .     Faith    .   a - +0 robe
rPois    .         Spirit   .   (helmet restricted)
rElec    .         Reflect  .   (no cloak)
rCorr    .         Harm     .   (gloves unavailable)
MR       .....                  (boots unavailable)
Stlth    ++........             (no amulet)
HPRegen  0.03/turn              (no ring)
MPRegen  0.09/turn              (no ring)

@: very quick
A: very small, unfitting armour, see invisible, herbivore, speed 3, slow
metabolism 2
a: no special abilities


You were on level 1 of the Dungeon.
You were not hungry.

You visited 1 branch of the dungeon, and saw 1 of its levels.

You collected 17 gold pieces.

Inventory:

Armour
 a - a +0 robe (worn)
Scrolls
 b - a scroll of random uselessness {unknown}
Comestibles
 c - 3 rations


   Skills:
 + Level 3.3 Dodging
 + Level 3.4 Stealth
 + Level 2.9 Spellcasting
 - Level 3.2 Summonings


You had 4 spell levels left.
You knew the following spells:

 Your Spells              Type           Power        Failure   Level  Hunger
a - Summon Small Mammal   Summ           ##..         4%          1    #......

Your spell library contained the following spells:

 Spells                   Type           Power        Failure   Level  Hunger
 Call Imp                 Summ           ##......     8%          2    ##.....
 Call Canine Familiar     Summ           ##......     14%         3    ###....
 Summon Guardian Golem    Hex/Summ       #.......     28%         3    ###....
 Summon Ice Beast         Ice/Summ       #.......     67%         4    #####..
 Summon Lightning Spire   Summ/Air       #.......     67%         4    #####..


Dungeon Overview and Level Annotations

Branches:
Dungeon (1/15)

Altars:


Innate Abilities, Weirdness & Mutations

You are very small and have problems with some larger weapons.
You are too small for most types of armour.
You have supernaturally acute eyesight. (SInv)
You are a herbivore.
You cover ground extremely quickly.
You need to consume almost no food.


Message History

Your bat disappears in a puff of smoke!
The jackal bites your rat.
Your rat dies!
Your rat's corpse disappears in a puff of smoke!
You open the door.
There is an open door here.
Casting: Summon Small Mammal (safe; 4% risk of failure)
Confirm with . or Enter, or press ? or * to list all spells.
You swap places.
The jackal bites your quokka.
Your quokka closely misses the jackal.
You open the door.
Your quokka barely misses the jackal.
There is an open door here.
A goblin comes into view.
The jackal bites something.
A hobgoblin comes into view.
The jackal bites your quokka.
The goblin shouts!
The hobgoblin shouts!
The goblin hits you.
You die...

...
#.........r............#
...
#.......(.####>........#
...
#........r####.........#
...
#........h'r.#.........#
...
#.........##.#.........#
...
#.###........#.........#
### #.#
#.#.###h.#.###.....# #.#
#.#.# #..#.# #.....# #.#
#.#.# #g@# ..# #.#.#
#.g# ### #.#.# #...
..#.. ..... ########.#.#
#...# #####


You could see 2 jackals, a hobgoblin, a goblin and a friendly quokka.

Vanquished Creatures (collateral kills)
  A giant cockroach (D:1)
  A goblin (D:1)
  A hobgoblin (D:1)
  A jackal (D:1)
  A bat (D:1)
  4 kobolds (D:1)
  A rat (D:1)
10 creatures vanquished.

Notes
Turn   | Place    | Note
-------+----------+-------------------------------------------
     0 | D:1      | Lanoc the Spriggan Summoner began the quest for the Orb.
     0 | D:1      | Reached XP level 1. HP: 9/9 MP: 5/5
   296 | D:1      | Slain by a goblin

Vault maps used:
D:1:      wander_arrival_peaceful_grave

Action                   || total
-------------------------++-------
Melee: Unarmed           ||    33
 Cast: Summon Small Mamm ||    16
 Stab: Sleeping          ||     1
Armor: Robe              ||     4
Dodge: Dodged            ||    40

Table legend:
 A = Non-vault XP
 B = Vault XP
 C = Vault XP percentage of total XP
 D = Non-vault monster count
 E = Vault monster count
 F = Vault count percentage of total count
                 A         B        C        D         E       F
            +---------+---------+-------+---------+---------+-------
      Total |      10 |       0 |   0.0 |      10 |       0 |   0.0
            +---------+---------+-------+---------+---------+-------
        D:1 |      10 |       0 |   0.0 |      10 |       0 |   0.0
            +---------+---------+-------+---------+---------+-------
